 Dungeon Crawl Stone Soup version 0.31-a0-538-gbc85326fa9 (webtiles) character file.

Game seed: 1597626874562649801

2 bruhh the Chopper (level 1, 0/18 HPs)
             Began as a Hill Orc Reaver on Aug 13, 2023.
             Slain by a quokka (4 damage)
             ... on level 1 of the Dungeon.
             The game lasted 00:03:41 (144 turns).

bruhh the Chopper (Hill Orc Reaver)                  Turns: 144, Time: 00:03:42

Health: 0/18       AC:  0    Str: 14    XL:     1   Next: 30%
Magic:  3/3        EV: 12    Int: 13    God:
Gold:   0          SH:  0    Dex:  9    Spells: 2/3 levels left

rFire   . . .        (no weapon)
rCold   . . .        (no shield)
rNeg    . . .        (no body armour)
rPois   .            (no helmet)
rElec   .            (no cloak)
rCorr   .            (no gloves)
SInv    .            (no boots)
Will    .....        (no amulet)
Stlth   +            (no ring)
HPRegen 0.23/turn    (no ring)
MPRegen 0.08/turn

%: no passive effects
@: no status effects
A: no striking features
a: no special abilities


You were on level 1 of the Dungeon.
You visited 1 branch of the dungeon, and saw 1 of its levels.

Inventory:

Hand Weapons
 a - a +0 hand axe
Armour
 b - a +0 leather armour
Scrolls
 c - a scroll of vulnerability {unknown}
Potions
 d - a potion of curing {unknown}
 e - a potion of attraction {unknown}


   Skills:
 + Level 2.5 Fighting
 + Level 4.0 Axes
 + Level 1.7 Dodging
 + Level 1.5 Spellcasting
 + Level 3.0 Conjurations


You had 2 spell levels left.
You knew the following spells:

 Your Spells              Type           Power      Damage    Failure   Level
a - Kiss of Death         Conj/Necr      16%        2d6       14%         1

Your spell library contained the following spells:

 Spells                   Type           Power      Damage    Failure   Level
 Momentum Strike          Conj/Tloc      8%         3d8       22%         2
 Hailstorm                Conj/Ice       4%         3d4       41%         3


Dungeon Overview and Level Annotations

Branches:
Dungeon (1/15)

Altars:


Message History

The quokka bites you.
You hit the quokka but do no damage.
The quokka is severely wounded.
The quokka barely misses you.
You barely miss the quokka.
The quokka is severely wounded.
The quokka bites you.
You closely miss the quokka.
The quokka is heavily wounded.
The quokka closely misses you.
You closely miss the quokka.
The quokka is heavily wounded.
The quokka misses you. The quokka bites you.
You barely miss the quokka.
The quokka is moderately wounded.
The quokka bites you.
* * * LOW HITPOINT WARNING * * *
You hit the quokka.
The quokka is heavily wounded.
The quokka closely misses you.
You closely miss the quokka.
The quokka is heavily wounded.
The quokka barely misses you.
Press: ? - help, v - describe, . - travel
Here: a quokka (heavily wounded)
The floor.
Press: ? - help, v - describe, . - travel The floor.
Press: ? - help, v - describe, . - travel The floor.
Press: ? - help, v - describe, . - travel
Here: a quokka (heavily wounded)
The floor.
You can't see any item there.
A quokka is nearby!
There are no items here.
There are no items here.
Unknown command.
The quokka bites you.
You die...

#.#.......#.#.#.....#
#.#.#######.#.#######
#.#.# #.#.. #.#.#
#.### #...# #.#..
##### #.#.# # #.#.#.#
#.#...#... #r@......#
#...#.#### #.#.#
#.#.. #.#### ..# ###


You could see a quokka.

Vanquished Creatures
  A goblin (D:1)
  A ball python (D:1)
2 creatures vanquished.

Notes
Turn   | Place    | Note
-------+----------+-------------------------------------------
     0 | D:1      | bruhh the Hill Orc Reaver began the quest for the Orb.
     0 | D:1      | Reached XP level 1. HP: 18/18 MP: 3/3
   144 | D:1      | Slain by a quokka

Illustrated notes

Levels and vault maps discovered:
D:1:      eino_arrival_water_star, layout_basic

Action                     || total
---------------------------++-------
  Melee: Unarmed           ||    13
         Hand axe          ||     2
  Dodge: Dodged            ||    10

Table legend: (Time is in decaauts)
 A = Elapsed time spent in this place.
 B = Non-inter-level travel time spent in this place.
 C = Inter-level travel time spent in this place.
 D = Time resting spent in this place.
 E = Time spent auto-exploring this place.
 F = Levels seen in this place.
 G = Mean time per level.
                   A        B        C        D        E       F      G
               +--------+--------+--------+--------+--------+-----+--------+
         Total |    146 |    101 |     45 |      0 |      0 |   1 |  146.0 |
       Dungeon |    146 |    101 |     45 |      0 |      0 |   1 |  146.0 |
               +--------+--------+--------+--------+--------+-----+--------+

Top non-repeatable levels by time:
     D:1: 146 daAuts
